 Dungeon Crawl Stone Soup version 0.16.0-8-gd9ae3a8 (webtiles) character file.

886 eeldvark the Twirler (level 7, -2/41 HPs)
             Began as a Demonspawn Chaos Knight on Mar 16, 2015.
             Slain by a hippogriff (8 damage)
             ... on level 5 of the Dungeon.
             The game lasted 00:20:30 (3237 turns).

eeldvark the Twirler (Demonspawn Chaos Knight)      Turns: 3237, Time: 00:20:31

Health: -2/41      AC:  6    Str: 12    XL:     7   Next: 76%
Magic:  7/7        EV: 11    Int: 16    God:    Xom [..*...]
Gold:   234        SH:  0    Dex: 15    Spells: 0 memorised, 6 levels left

rFire  . . .     SeeInvis .     a - +2 quarterstaff (chaos)
rCold  . . .     Clarity  .     b - +2 leather armour
rNeg   . . .     SustAb   .     (no shield)
rPois  .         Gourm    .     (no helmet)
rElec  .         Spirit   .     l - +0 cloak
rCorr  .         Warding  .     (no gloves)
rMut   .         Stasis   .     (no boots)
MR     .....                    j - amulet of regeneration
Stlth  +.........               (no ring)
                                (no ring)

@: brilliant, not resistant to hostile enchantments, very unstealthy
A: claws 1, blurry vision 1, dopey 1, frail 2, powered by death 1, rot immunity
a: Renounce Religion


You were on level 5 of the Dungeon.
You worshipped Xom.
You were a toy of Xom.
You were not hungry.

You visited 1 branch of the dungeon, and saw 5 of its levels.

You collected 234 gold pieces.

Inventory:

Hand weapons
 a - a +2 quarterstaff of chaos (weapon)
 i - a +0 hunting sling
 k - a +0 mace of chaos
 n - a +2 hand axe of venom
Missiles
 o - 15 exploding sling bullets
Armour
 b - a +2 leather armour (worn)
 l - a +0 cloak (worn)
 u - a +2 robe of cold resistance
Jewellery
 j - an amulet of regeneration (around neck)
Scrolls
 d - a scroll of remove curse
 e - 5 scrolls of identify
 m - a scroll of amnesia
 p - a scroll of teleportation
 v - a scroll of fear {unknown}
Potions
 f - a potion of haste {unknown}
 g - 2 potions of restore abilities
 s - a potion of cancellation
Comestibles
 c - 2 bread rations
 h - 2 meat rations
 r - a slice of pizza
 t - a chunk of flesh


   Skills:
 - Level 3.0 Fighting
 - Level 4.9(6.6) Maces & Flails
 + Level 6.8(7.6) Staves
 - Level 1.7 Armour
 - Level 0.8 Dodging


You had 6 spell levels left.
You didn't know any spells.

Dungeon Overview and Level Annotations

Branches:
Dungeon (5/15)             Temple (0/1) D:4

Altars:
Gozag
Makhleb


Innate Abilities, Weirdness & Mutations

You have sharp fingernails.
You can steal the life force of nearby defeated enemies.
You are immune to rotting.
Scrolls take you a little longer to read.
You are dopey. (Int -2)
You are very frail (-20% HP).


Message History

The hippogriff completely misses you. The hippogriff pecks you.
The hippogriff barely misses you.
You hit the hippogriff.
The hippogriff goes berserk!
The hippogriff is heavily wounded.
The hippogriff bites you but does no damage.
The hippogriff pecks you! The hippogriff claws you!
You sock the hippogriff! You burn the hippogriff.
The hippogriff is almost dead.
The hippogriff bites you. The hippogriff pecks you. The hippogriff claws you.
The hippogriff bites you!
* * * LOW HITPOINT WARNING * * *
The hippogriff pecks you.
* * * LOW HITPOINT WARNING * * *
The hippogriff barely misses you.
Drink which item? (? for menu, Esc to quit)
It was a potion of brilliance.
You feel clever all of a sudden.
Xom thinks this is hilarious!
The hippogriff bites you!
You die...

..# ...... #.....#
#.....# #.....# #......
#.....# #+##.
#.....##.(....# ###
#....)@Hg.....# ##..
#.....##....... +...
#####'####+### #...
#.....##.....# ##..
#............####+#####
#..................##..
#......................
#............##....##..
#.....##.....####'###..


You could see a hippogriff (berserk) and a goblin.

Vanquished Creatures
  A necrophage (D:4)
  The ghost of heinrich the Slasher, an average DsWn (D:3)
  Duvessa (D:5)
  Blork the orc (D:4)
  A scorpion (D:5)
  Dowan (D:5)
  A crimson imp (D:5)
  A giant frog skeleton (D:4)
  An iguana (D:5)
  A hound (D:4)
  Crazy Yiuf (D:2)
  An orc wizard (D:3)
  A hound skeleton (D:4)
  5 gnolls
  12 adders
  A shadow imp (D:5)
  A giant mite (D:1)
  2 worms
  An adder skeleton (D:5)
  4 giant geckos
  8 orcs
  2 ball pythons
  6 bats
  13 hobgoblins
  7 jackals
  A quokka (D:3)
  7 giant cockroaches
  6 giant newts
  15 goblins
  8 kobolds
  10 rats
122 creatures vanquished.

Vanquished Creatures (collateral kills)
  A jackal (D:1)
  A giant newt (D:1)
2 creatures vanquished.

Vanquished Creatures (others)
  An orc (D:3)
1 creature vanquished.

Grand Total: 125 creatures vanquished

Notes
Turn   | Place    | Note
--------------------------------------------------------------
     0 | D:1      | eeldvark, the Demonspawn Chaos Knight, began the quest for the Orb.
     0 | D:1      | Reached XP level 1. HP: 18/18 MP: 1/1
   178 | D:1      | Gained mutation: You are immune to rotting. [demonic ancestry]
   178 | D:1      | Reached XP level 2. HP: 24/24 MP: 2/2
   390 | D:1      | XOM: harmless Erth miscast
   756 | D:1      | XOM: polymorph bat -> giant mite
   759 | D:1      | Reached XP level 3. HP: 26/29 MP: 3/3
  1043 | D:2      | XOM: stealth player
  1049 | D:2      | Reached skill level 4 in Maces & Flails
  1230 | D:2      | XOM: chaos cloud
  1231 | D:2      | Paralysed by you for 7 turns
  1232 | D:2      | XOM: noise
  1313 | D:2      | Reached XP level 4. HP: 30/35 MP: 4/4
  1378 | D:2      | Found a burning altar of Makhleb.
  1390 | D:2      | Found an opulent altar of Gozag.
  1491 | D:2      | Noticed Crazy Yiuf
  1498 | D:2      | Paralysed by Crazy Yiuf for 2 turns
  1500 | D:2      | Killed Crazy Yiuf
  1586 | D:3      | Reached skill level 1 in Staves
  1655 | D:3      | XOM: blink monster(s)
  1662 | D:3      | Reached XP level 5. HP: 41/41 MP: 5/5
  1849 | D:3      | Noticed heinrich's ghost (average DsWn)
  1851 | D:3      | XOM: confusion (+ monsters)
  1852 | D:3      | XOM: confusion
  1859 | D:3      | XOM: confusion
  1862 | D:3      | XOM: noise
  1912 | D:3      | Killed heinrich's ghost
  1957 | D:3      | XOM: silly message
  1979 | D:3      | XOM: give mutations
  1979 | D:3      | Gained mutation: Scrolls take you a little longer to read. [Xom's mischief]
  1979 | D:3      | Gained mutation: You are dopey. (Int -2) [Xom's mischief]
  1979 | D:3      | Gained mutation: You are frail (-10% HP). [Xom's mischief]
  1979 | D:3      | Gained mutation: You are very frail (-20% HP). [Xom's mischief]
  2030 | D:3      | Gained mutation: You can steal the life force of nearby defeated enemies. [demonic ancestry]
  2030 | D:3      | Reached XP level 6. HP: 37/37 MP: 6/6
  2072 | D:3      | XOM: enchant monster (good)
  2223 | D:3      | XOM: cast spell 'Excruciating Wounds'
  2282 | D:4      | XOM: harmless Divn miscast
  2376 | D:4      | Found a staircase to the Ecumenical Temple.
  2392 | D:4      | Noticed Blork the orc
  2400 | D:4      | Killed Blork the orc
  2400 | D:4      | Reached skill level 5 in Staves
  2400 | D:4      | Gained mutation: You have sharp fingernails. [demonic ancestry]
  2400 | D:4      | Reached XP level 7. HP: 32/41 MP: 7/7
  2494 | D:4      | XOM: cast spell 'Spider Form'
  2874 | D:4      | XOM: scenery: 2 doors close
  2890 | D:4      | XOM: cast spell 'Beastly Appendage'
  2934 | D:5      | Entered Level 5 of the Dungeon
  2958 | D:5      | Reached skill level 6 in Staves
  3099 | D:5      | XOM: butterfly on damage
  3123 | D:5      | Noticed Dowan
  3123 | D:5      | XOM: confuse monster(s)
  3124 | D:5      | Noticed Duvessa
  3136 | D:5      | Killed Duvessa
  3138 | D:5      | XOM: butterfly on damage
  3141 | D:5      | Killed Dowan
  3237 | D:5      | Slain by a hippogriff

Action                   |  1- 3 |  4- 6 |  7- 9 || total
-------------------------+-------+-------+-------++-------
Melee: Mace              |    99 |    19 |       ||   118
       Quarterstaff      |       |   108 |    70 ||   178
       Unarmed           |       |       |     1 ||     1
  Use: Potion            |     3 |     5 |     1 ||     9
       Scroll            |     2 |     4 |     2 ||     8
 Stab: Sleeping          |     1 |       |       ||     1
       Confused          |       |     1 |       ||     1
       Paralysed         |       |       |     4 ||     4
  Eat: Chunk             |     1 |     5 |     4 ||    10
